 Dungeon Crawl Stone Soup version 0.30.0 (webtiles) character file.

Game seed: 3720189146293415687

1 Eeriemist the Trooper (level 1, -7/18 HPs)
             Began as a Demonspawn Chaos Knight on May 7, 2023.
             Was a Plaything of Xom.
             Mangled by a queen bee (glowing shapeshifter) (10 damage)
             ... on level 1 of the Dungeon.
             The game lasted 00:01:41 (36 turns).

Eeriemist the Trooper (Demonspawn Chaos Knight)       Turns: 36, Time: 00:01:42

Health: -7/18      AC:  5    Str: 12    XL:     1   Next: 16%
Magic:  1/1        EV: 11    Int: 13    God:    Xom [..*...]
Gold:   0          SH:  0    Dex: 12    Spells: 0/0 levels left

rFire   . . .        a - +0 hand axe (chaos)
rCold   . . .        (no shield)
rNeg    . . .        b - +2 leather armour
rPois   .            (no helmet)
rElec   .            (no cloak)
rCorr   .            (no gloves)
SInv    .            (no boots)
Will    .....        (no amulet)
Stlth   +            (no ring)
HPRegen 0.23/turn    (no ring)
MPRegen 0.07/turn

%: no passive effects
@: no status effects
A: no striking features
a: Renounce Religion


You were on level 1 of the Dungeon.
You worshipped Xom.
You were a toy of Xom.
You visited 1 branch of the dungeon, and saw 1 of its levels.

Inventory:

Hand Weapons
 a - a +0 hand axe of chaos (weapon)
Armour
 b - a +2 leather armour (worn)
Miscellaneous
 c - a piece from Xom's chessboard (9/15) (quivered)


   Skills:
 - Level 3.0 Fighting
 + Level 2.7 Axes
 + Level 1.8 Armour
 - Level 0.8 Dodging


You couldn't memorise any spells.
You didn't know any spells.
Your spell library was empty.

Dungeon Overview and Level Annotations

Branches:
Dungeon (1/15)

Altars:


Message History

"Go forth and cause havoc, mortal!"
You feel better.
You hit the komodo dragon.
The komodo dragon is lightly wounded.
The komodo dragon completely misses you.
The komodo dragon bites you but does no damage.
You hit the komodo dragon but do no damage.
The komodo dragon is poisoned.
The komodo dragon is lightly wounded.
The komodo dragon bites you!
Ouch! That really hurt!
You make a move on Xom's chessboard...
The komodo dragon easily resists.
The komodo dragon changes into a salamander!
You make a move on Xom's chessboard...
The salamander twists and deforms.
You make a move on Xom's chessboard...
The salamander resists with some effort.
The salamander picks up a +0 club.
The salamander wields a +0 club.
You make a move on Xom's chessboard...
The salamander resists with some effort.
The salamander hits you with a +0 club.
You are engulfed in flames.
* * * LOW HITPOINT WARNING * * *
Xom is highly amused!
You make a move on Xom's chessboard...
The salamander twists and deforms. "Go forth and destroy!"
You feel better. The salamander closely misses you.
You completely miss the salamander.
The salamander changes into a troll!
You barely miss the troll. The troll barely misses you. The troll claws you. x2
* * * LOW HITPOINT WARNING * * *
Okay, then.
You make a move on Xom's chessboard...
The troll seems to slow down.
The troll changes into a black mamba!
You hit the black mamba but do no damage.
The black mamba is poisoned.
The black mamba closely misses you.
You hit the black mamba but do no damage.
The black mamba suddenly seems more resistant.
The black mamba changes into a queen bee!
You hit the queen bee but do no damage. The queen bee stings you!
Ouch! That really hurt!
You die...
Xom roars with laughter!

#+#### #.# #..... #.#
#.....###.# #.........#
#.......#.####
#.......#.#..
##.......#.#.######
......y@.!.#.......# #
##....####♣.♣♣.###.#.##
#...§#.§§♣♣..♣§§☼§§...
#.. ☼§ ♣§°.∩♣§♣§♣ #.
♣§♣∩...∩♣§♣ #.
♣.§..8..○.♣ .
♣∩.......∩♣.♣
♣..8.<.8......
♣.§§☼.....∩.♣♣#


You could see a queen bee shaped shifter.

Vanquished Creatures
  A giant cockroach (D:1)
1 creature vanquished.

Notes
Turn   | Place    | Note
-------+----------+-------------------------------------------
     0 | D:1      | Eeriemist the Demonspawn Chaos Knight began the quest for
                  | the Orb.
     0 | D:1      | Reached XP level 1. HP: 18/18 MP: 1/1
    13 | D:1      | a goblin changed into a glowing shapeshifter
    13 | D:1      | Noticed a glowing shapeshifter (glowing shapeshifter)
    13 | D:1      | a glowing shapeshifter changed into a steelbarb worm
    13 | D:1      | Noticed a steelbarb worm (glowing shapeshifter)
    15 | D:1      | a steelbarb worm changed into a manticore
    15 | D:1      | Noticed a manticore (glowing shapeshifter)
    16 | D:1      | a manticore changed into a lindwurm
    16 | D:1      | Noticed a lindwurm (glowing shapeshifter)
    17 | D:1      | a lindwurm changed into a tarantella
    17 | D:1      | Noticed a tarantella (glowing shapeshifter)
    17 | D:1      | a tarantella changed into a yaktaur
    17 | D:1      | Noticed a yaktaur (glowing shapeshifter)
    19 | D:1      | a yaktaur changed into a meliai
    19 | D:1      | Noticed a meliai (glowing shapeshifter)
    22 | D:1      | a meliai changed into a komodo dragon
    22 | D:1      | Noticed a komodo dragon (glowing shapeshifter)
    23 | D:1      | XOM: potion effect (curing)
    26 | D:1      | a komodo dragon changed into a salamander
    26 | D:1      | Noticed a salamander (glowing shapeshifter)
    30 | D:1      | XOM: potion effect (curing)
    31 | D:1      | a salamander changed into a troll
    31 | D:1      | Noticed a troll (glowing shapeshifter)
    33 | D:1      | a troll changed into a black mamba
    33 | D:1      | Noticed a black mamba (glowing shapeshifter)
    35 | D:1      | a black mamba changed into a queen bee
    35 | D:1      | Noticed a queen bee (glowing shapeshifter)
    36 | D:1      | Mangled by a queen bee (glowing shapeshifter)

Illustrated notes

Levels and vault maps discovered:
D:1:      heliophobic_arrival_enchanted_forest, layout_basic,
          basic_ecumenical_altar

Action                     || total
---------------------------++-------
  Melee: Hand axe          ||    19
  Evoke: Piece from Xom's  ||     6
 Armour: Leather armour    ||     2
  Dodge: Dodged            ||     6
